 Dungeon Crawl Stone Soup version 0.28.0-53-g5a82cb258f (webtiles) character file.

Game seed: 10628765370942774345

457 hawla the Firebug (level 6, -17/34 HPs)
             Began as a Deep Elf Fire Elementalist on May 29, 2022.
             Killed from afar by a steam dragon (26 damage)
             ... with a ball of steam
             ... on level 6 of the Dungeon.
             The game lasted 00:09:58 (3506 turns).

hawla the Firebug (Deep Elf Fire Elementalist)      Turns: 3506, Time: 00:09:59

Health: -17/34     AC:  3    Str:  5    XL:     6   Next: 77%
Magic:  3/14       EV: 13    Int: 22    God:
Gold:   90         SH:  0    Dex: 15    Spells: 7/14 levels left

rFire   . . .      SeeInvis .   h - +4 dagger (venom)
rCold   . . .      Faith    .   (no shield)
rNeg    . . .      Spirit   .   a - +1 robe
rPois   .          Reflect  .   (no helmet)
rElec   .          Harm     .   (no cloak)
rCorr   .          Rampage  .   (no gloves)
Will    .....                   (no boots)
Stlth   +++.......              (no amulet)
HPRegen 0.11/turn               (no ring)
MPRegen 0.14/turn               (no ring)

@: no status effects
A: no striking features
a: no special abilities


You were on level 6 of the Dungeon.
You visited 1 branch of the dungeon, and saw 6 of its levels.

You collected 90 gold pieces.

Inventory:

Hand Weapons
 h - a +4 dagger of venom (weapon)
Missiles
 i - 3 poisoned darts (quivered)
Armour
 a - a +1 robe (worn)
Scrolls
 e - a scroll of blinking {unknown}
 f - a scroll of holy word {unknown}
 g - a scroll of teleportation
 j - a scroll of amnesia {unknown}
Potions
 b - a potion of curing
 c - a potion of haste
 d - 2 potions of flight {unknown}
 k - a potion of invisibility {unknown}
 l - a potion of heal wounds {unknown}


   Skills:
 + Level 1.2 Fighting
 + Level 2.0 Short Blades
 + Level 0.4 Throwing
 + Level 3.4 Dodging
 - Level 3.9 Stealth
 - Level 4.6 Spellcasting
 * Level 2.6 Conjurations
 * Level 5.6 Fire Magic


You had 7 spell levels left.
You knew the following spells:

 Your Spells              Type           Power      Damage    Failure   Level
a - Foxfire               Conj/Fire      92%        2x1d8     1%          1
b - Scorch                Fire           58%        2d7       1%          2
c - Flame Wave            Conj/Fire      23%        2d7       19%         4

Your spell library contained the following spells:

 Spells                   Type           Power      Damage    Failure   Level
 Magic Dart               Conj           64%        1d6       3%          1
 Conjure Flame            Conj/Fire      23%        6-21      6%          3
 Inner Flame              Hex/Fire       17%        N/A       10%         3
 Call Imp                 Summ           5%         N/A       16%         2
 Ensorcelled Hibernation  Hex/Ice        10%        N/A       16%         2
 Passwall                 Tmut/Erth      4%         N/A       16%         2
 Mephitic Cloud           Conj/Pois/Air  8%         N/A       22%         3
 Ozocubu's Armour         Ice            5%         N/A       32%         3
 Swiftness                Air            5%         N/A       32%         3
 Ozocubu's Refrigeration  Ice            2%         4d5       100%        7


Dungeon Overview and Level Annotations

Branches:
Dungeon (7/15)
 Temple: D:4-7

Altars:

Shops:
D:1 !   D:7 *

Annotations:
D:3 1 runed translucent door, reptisaurus's ghost, amateur DgAM


Message History

Your Short Blades skill increases to level 2!
A steam dragon comes into view.
A steam dragon is nearby!
A steam dragon is nearby!
Casting: Scorch (safe; 1% risk of failure)
Confirm with . or Enter, or press ? or * to list all spells.
Flames lash the steam dragon.
The steam dragon is moderately wounded.
The steam dragon's fire resistance burns away.
Casting: Scorch (safe; 1% risk of failure)
Confirm with . or Enter, or press ? or * to list all spells.
Flames lash the steam dragon.
The steam dragon is burned terribly!
The steam dragon is moderately wounded.
The steam dragon breathes steam at you. The ball of steam hits you!
The steam dragon bites you but does no damage.
The steam dragon closely misses you.
You hit the steam dragon.
The steam dragon is poisoned.
The steam dragon is heavily wounded.
The steam dragon bites you. The steam dragon closely misses you.
It was a potion of curing.
You feel better.
You are engulfed in a cloud of scalding steam.
The steam dragon barely misses you. The steam dragon completely misses you.
Casting: Scorch (safe; 1% risk of failure)
Confirm with . or Enter, or press ? or * to list all spells.
Flames lash the steam dragon.
The steam dragon is burned terribly!
The steam dragon is severely wounded.
You are engulfed in a cloud of scalding steam.
* * * LOW HITPOINT WARNING * * *
The steam dragon completely misses you.
The steam dragon claws you but does no damage.
You hit the steam dragon but do no damage.
The steam dragon looks even sicker.
The steam dragon is severely wounded.
You closely miss the steam dragon.
The steam dragon is severely wounded.
The steam dragon breathes steam at you. The ball of steam hits you!!
Ouch! That really hurt!
You die...

#...# #...#
####...#####
...........
..........
....... #D..#
#@†.# #§.§#
###...## #......#
#.#....# #.#....#
# ####.##
#.....#.####.###
....#.###>......#


You could see a steam dragon (very poisoned, catching breath, combustible).

Vanquished Creatures
  A black bear (D:6)
  A sky beast (D:7)
  2 bullfrogs (D:7)
  3 gnolls (D:3)
  4 adders
  A worm (D:2)
  4 dart slugs
  8 endoplasms
  5 giant cockroaches
  4 goblins
  8 hobgoblins
  4 jackals (D:1)
  3 quokkas (D:2)
  6 ball pythons
  8 bats
  2 frilled lizards
  8 kobolds
  8 rats
80 creatures vanquished.

Vanquished Creatures (others)
  62 foxfires
  A plant (D:2)
63 creatures vanquished.

Grand Total: 143 creatures vanquished

Notes
Turn   | Place    | Note
-------+----------+-------------------------------------------
     0 | D:1      | hawla the Deep Elf Fire Elementalist began the quest for
                  | the Orb.
     0 | D:1      | Reached XP level 1. HP: 10/10 MP: 6/6
   236 | D:1      | Reached XP level 2. HP: 13/15 MP: 5/8
   329 | D:1      | Learned a level 2 spell: Scorch
   384 | D:1      | Found Tirphiloch's Distillery.
   657 | D:1      | Reached skill level 4 in Fire Magic
   703 | D:1      | Reached XP level 3. HP: 13/19 MP: 7/9
  1643 | D:2      | Reached XP level 4. HP: 24/24 MP: 11/11
  1674 | D:2      | Found a faded altar of an unknown god.
  2178 | D:3      | Found a runed translucent door.
  2301 | D:3      | Noticed a water moccasin
  2303 | D:3      | Noticed reptisaurus's ghost (amateur DgAM)
  2530 | D:3      | Reached XP level 5. HP: 28/28 MP: 13/13
  2978 | D:4      | You fall into a shaft and drop 3 floors!
  2978 | D:7      | Noticed a sky beast
  2982 | D:7      | Killed a sky beast
  2983 | D:7      | Reached skill level 1 in Short Blades
  2983 | D:7      | Reached skill level 5 in Fire Magic
  3043 | D:7      | Noticed an ogre
  3045 | D:7      | Reached XP level 6. HP: 32/33 MP: 14/14
  3162 | D:7      | Learned a level 4 spell: Flame Wave
  3186 | D:7      | Reached skill level 1 in Fighting
  3474 | D:7      | Found Fataa's Assorted Antiques.
  3498 | D:6      | Noticed a steam dragon
  3506 | D:6      | Killed from afar by a steam dragon

Illustrated notes

Levels and vault maps discovered:
D:1:      lightli_arrival_farm, layout_loops_ring, serial_shops, shop
D:2:      layout_basic, shapermc_ecumenical_altar_mp_ritualfount
D:3:      layout_basic, ebering_ghost_inner_flame
D:4:      layout_rooms, uniq_robin
D:6:      layout_loops_cross, nicolae_shop_dragon_depot, grunt_ministairs_14,
          solitary_fountain
D:7:      layout_rooms, minmay_temple_entry_ruins, serial_shops,
          nicolae_shop_waterfront, minmay_between

Skill      XL: |  1  2  3  4  5  6 |
---------------+-------------------+-----
Fire Magic     | 4 5 |  5.6
Dodging        | 3 |  3.4
Stealth        | 3 |  3.9
Spellcasting   | 4 |  4.6
Short Blades   | 1 2 |  2.0
Fighting       | 1 |  1.2
Conjurations   | 2 |  2.6
Throwing       | |  0.4

Action                   |  1- 3 |  4- 6 || total
-------------------------+-------+-------++-------
Melee: Unarmed           |     7 |       ||     7
       Dagger            |    38 |    63 ||   101
       Punch             |     1 |       ||     1
Throw: Dart              |       |     3 ||     3
 Cast: Foxfire           |    34 |     6 ||    40
       Scorch            |     8 |    14 ||    22
  Use: Scroll            |       |     5 ||     5
       Potion            |       |     1 ||     1
 Stab: Sleeping          |     4 |     8 ||    12
Armor: Robe              |    11 |     4 ||    15
Dodge: Dodged            |    43 |    36 ||    79
